AoeStats
← Jota

MegaRandom

509961625Analyzed
4v4 RM · 3d ago on Sep 28, 2026· 56m 57s· 8 players
Game mode
Random Map
Map size
Large (8 player)
Population
200
Speed
Normal
Resources
Standard
Victory
Conquest
Starting age
Dark Age
Ending age
Imperial Age
RankedLock teamsTeams togetherTeam positionsShared explorationLock speedFull tech treeHidden civsTurbo modeCheats
Victory
Defeat
🇵🇹 Britons · Portugal
747
+12
🇺🇦 Hindustanis · Ukraine
744
+12
🇲🇽 Huns · Mexico
608
+16
🇲🇽 Khmer · Mexico
574
+18
🇹🇷 Turks · Türkiye
659
-15
🇦🇷 Aztecs · Argentina
656
-15
🇨🇦 Chinese · Canada
644
-15
🇹🇷 Huns · Türkiye
601
-13
RICH9058120
12:16 Feudal Age
19:38 Castle Age
18:41 Double-Bit Axe
18:59 Fletching
19:13 Padded Archer Armor
19:57 Crossbowman
23:23 Bodkin Arrow
27:04 Leather Archer Armor
28:21 Ballistics
34:20 Squires
34:45 Forging
34:35 Scale Mail Armor
39:58 Imperial Age
38:07 Wheelbarrow
37:24 Loom
39:27 Hand Cart
Jota
1:10 Loom
15:02 Feudal Age
15:44 Double-Bit Axe
15:42 Horse Collar
15:54 Gold Mining
16:21 Stone Mining
23:17 Castle Age
23:08 Forging
22:58 Scale Mail Armor
25:27 Iron Casting
25:08 Chain Mail Armor
26:00 Fletching
27:34 Bodkin Arrow
29:54 Gold Shaft Mining
31:54 Arson
33:06 Stone Shaft Mining
35:21 Bow Saw
35:16 Heavy Plow
39:19 Imperial Age
38:57 Wheelbarrow
40:01 Hand Cart
40:41 Conscription
41:24 Blast Furnace
40:56 Plate Mail Armor
41:27 Hand Cart
44:30 Crop Rotation
43:48 Town Watch
45:11 Garland Wars
46:28 Town Patrol
47:23 Elite Jaguar Warrior
49:29 Ballistics
49:16 Pikeman
49:44 Gambesons
50:33 Squires
50:00 Eagle Warrior
50:40 Elite Eagle Warrior
Dmitry Petrovich
12:47 Loom
14:32 Feudal Age
20:03 Fletching
20:13 Padded Archer Armor
23:19 Horse Collar
23:34 Gold Mining
23:36 Stone Mining
23:43 Double-Bit Axe
27:42 Castle Age
28:42 Bodkin Arrow
29:02 Leather Archer Armor
32:16 Imperial Age
30:18 Murder Holes
30:44 Ballistics
31:36 Caravan
32:07 Coinage
35:38 Elite Janissary
38:29 Bracer
41:27 Wheelbarrow
40:37 Town Watch
43:18 Treadmill Crane
43:51 Fortified Wall
43:53 Masonry
44:04 Hand Cart
43:49 Town Patrol
44:13 Hand Cart
hawyak12
0:58 Loom
17:01 Feudal Age
20:18 Wheelbarrow
19:29 Town Watch
19:47 Horse Collar
19:58 Double-Bit Axe
24:21 Forging
24:01 Fletching
24:12 Padded Archer Armor
24:13 Scale Mail Armor
26:21 Castle Age
24:39 Arson
25:06 Scale Barding Armor
25:50 Gold Mining
25:51 Stone Mining
27:27 Bloodlines
30:12 Chain Barding Armor
30:49 Husbandry
30:10 Light Cavalry
32:52 Heavy Plow
33:34 Bow Saw
35:02 Town Patrol
36:37 Gold Shaft Mining
37:00 Hand Cart
41:37 Imperial Age
39:18 Marauders
39:59 Coinage
39:36 Caravan
39:56 Leather Archer Armor
41:38 Masonry
41:25 Murder Holes
42:05 Cavalier
44:00 Plate Barding Armor
44:46 Two-Man Saw
45:42 Banking
45:25 Guilds
46:15 Conscription
48:02 Atheism
47:13 Sappers
48:32 Squires
47:53 Pikeman
48:54 Hussar
57:08 Ballistics
57:49 Chemistry
QC FENIX
0:40 Loom
12:02 Feudal Age
13:35 Wheelbarrow
12:47 Horse Collar
13:08 Double-Bit Axe
21:13 Castle Age
20:43 Gold Mining
20:44 Stone Mining
22:56 Hand Cart
22:51 Heavy Plow
23:32 Bow Saw
28:37 Marauders
33:18 Imperial Age
33:27 Husbandry
33:37 Bloodlines
33:29 Elite Tarkan
34:45 Conscription
35:45 Gold Shaft Mining
35:28 Caravan
35:59 Coinage
35:40 Guilds
36:23 Forging
36:19 Scale Barding Armor
36:15 Town Watch
37:23 Banking
38:11 Two-Man Saw
38:23 Chain Barding Armor
38:39 Iron Casting
39:07 Town Patrol
41:01 Plate Barding Armor
41:27 Blast Furnace
Karma KoS
0:55 Loom
12:52 Feudal Age
21:54 Castle Age
20:48 Double-Bit Axe
20:49 Horse Collar
23:47 Forging
23:44 Scale Barding Armor
30:08 Imperial Age
27:53 Gold Mining
28:01 Stone Mining
28:31 Husbandry
30:25 Elite Ballista Elephant
31:55 Iron Casting
31:48 Bloodlines
31:31 Light Cavalry
33:49 Tusk Swords
35:14 Chain Barding Armor
36:50 Siege Engineers
39:53 Ballistics
40:55 Double Crossbow
pedrollobo
1:38 Loom
12:20 Feudal Age
14:19 Man-at-Arms
17:53 Double-Bit Axe
19:32 Horse Collar
22:47 Castle Age
23:50 Heavy Plow
24:01 Crossbowman
24:55 Squires
25:17 Long Swordsman
27:35 Bow Saw
27:41 Gambesons
28:36 Gold Mining
28:59 Stone Mining
30:01 Pikeman
32:03 Town Watch
33:30 Wheelbarrow
38:06 Imperial Age
37:31 Fletching
37:42 Padded Archer Armor
37:54 Treadmill Crane
40:03 Conscription
40:48 Chemistry
41:01 Two-Man Saw
39:40 Arbalester
41:28 Hand Cart
41:33 Two-Handed Swordsman
42:34 Halberdier
44:10 Husbandry
He
0:30 Loom
11:17 Feudal Age
12:29 Double-Bit Axe
22:24 Castle Age
20:21 Stone Mining
20:23 Gold Mining
20:17 Horse Collar
28:42 Imperial Age
26:51 Wheelbarrow
26:26 Grand Trunk Road
27:40 Husbandry
27:51 Bloodlines
28:44 Stone Shaft Mining
28:30 Forging
28:26 Scale Barding Armor
29:34 Town Watch
30:13 Heavy Plow
31:10 Conscription
32:05 Hand Cart
33:00 Heavy Camel Rider
34:50 Bow Saw
35:24 Gold Shaft Mining
37:14 Chain Barding Armor
41:20 Two-Man Saw
40:43 Caravan
41:24 Imperial Camel Rider
42:41 Ballistics
44:27 Town Patrol
44:37 Siege Engineers
Connection lost

Rejoining the realm…

Still unreachable

The connection could not be restored.

Session expired

The server has moved on; the page needs a fresh start.